Map: Abyssal Reef LE

Players

woshinidaye

  • Race: Protoss Protoss
  • League: Platinum
  • Spawn Location: 11:00

Yata - Winner!

  • Race: Zerg Zerg
  • League: Platinum
  • Spawn Location: 5:00

VOD

Have the link to the VOD?

Description

Time

  • Played on: Sept. 15, 2017, 9:16 p.m.
  • Length: 13:46
Show
View Real Time Build Order
Export as new Build Order

woshinidaye Protoss 

Build Orders:  

Get SALT Encoding   

  12  0:03  Probe (Chrono Boost)  
  13  0:16  Pylon  
  13  0:25  Probe (Chrono Boost)  
  14  0:35  Forge  
  14  0:36  Probe (Chrono Boost)  
  15  0:49  Probe (Chrono Boost)  
  16  1:01  Probe (Chrono Boost)  
  17  1:04  Assimilator  
  17  1:07  Pylon  
  17  1:15  Gateway  
  17  1:16  Probe (Chrono Boost)  
  18  1:28  Photon Cannon  
  18  1:36  Pylon  
  18  1:42  Probe (Chrono Boost)  
  18  1:53  Probe (Chrono Boost)  
  19  1:55  Photon Cannon  
  19  2:10  Cybernetics Core  
  19  2:12  Probe (Chrono Boost)  
  19  2:14  Assimilator  
  21  2:23  Probe (Chrono Boost)  
  21  2:38  Probe (Chrono Boost)  
  21  2:42  Pylon  
  22  2:49  Probe (Chrono Boost)  
  23  3:11  Nexus  
  23  3:18  Stargate  
  23  3:22  Pylon  
  23  3:27  Photon Cannon  
  23  3:30  Probe (Chrono Boost)  
  24  3:36  Warp Gate  
  24  3:38  Adept  
  26  3:50  Pylon  
  26  3:52  Mothership Core (Chrono Boost)  
  28  4:09  Oracle  
  31  4:17  Adept  
  33  4:29  Probe x2 (Chrono Boost)  
  35  4:39  Probe x2 (Chrono Boost)  
  37  4:48  Assimilator  
  37  4:50  Assimilator, Probe x2 (Chrono Boost)  
  39  5:00  Void Ray  
  43  5:17  Photon Cannon, Probe (Chrono Boost)  
  43  5:19  Probe (Chrono Boost)  
  46  5:28  Probe (Chrono Boost)  
  46  5:32  Protoss Air Weapons Level 1  
  46  5:43  Void Ray  
  50  5:55  Stargate  
  50  5:56  Probe x2 (Chrono Boost)  
  52  6:07  Probe x2 (Chrono Boost)  
  47  6:25  Probe x2 (Chrono Boost)  
  47  6:26  Void Ray  
  50  7:06  Probe x2 (Chrono Boost)  
  52  7:12  Nexus  
  52  7:17  Probe (Chrono Boost)  
  52  7:21  Pylon  
  53  7:27  Probe (Chrono Boost)  
  53  7:28  Phoenix  
  56  7:33  Fleet Beacon  
  56  7:34  Pylon  
  56  7:53  Phoenix  
  56  7:57  Photon Cannon  
  58  8:00  Photon Cannon  
  58  8:04  Assimilator  
  58  8:09  Assimilator  
  58  8:10  Stargate  
  58  8:15  Photon Cannon  
  58  8:28  Probe x2 (Chrono Boost)  
  60  8:40  Carrier (Chrono Boost)  
  64  8:58  Carrier (Chrono Boost)  
  70  9:04  Photon Cannon  
  70  9:07  Photon Cannon  
  66  9:16  Photon Cannon  
  66  9:22  Pylon  
  62  9:52  Carrier (Chrono Boost)  
  62  10:03  Graviton Catapult (Chrono Boost)  
  67  10:17  Carrier  
  66  10:54  Pylon  
  66  10:56  Pylon  
  57  11:25  Pylon  
  45  12:11  Nexus  
  41  12:41  Pylon  
  41  12:49  Photon Cannon  
  41  13:05  Pylon  
Show
View Real Time Build Order
Export as new Build Order

Yata Zerg - Winner!

Build Orders: Hatch First 

Get SALT Encoding   

  12  0:02  Drone  
  13  0:09  Drone  
  14  0:17  Overlord  
  15  0:35  Drone x2  
  15  0:38  Drone  
  17  0:56  Drone  
  18  0:59  Hatchery  
  17  1:41  Extractor  
  17  1:44  Spawning Pool  
  15  2:11  Drone  
  15  2:12  Drone x2  
  18  2:31  Zergling x2  
  18  2:32  Zergling x4  
  18  2:33  Queen  
  18  2:34  Queen  
  18  2:37  Overlord  
  25  2:39  Overlord  
  25  2:44  Zergling x2  
  26  2:48  Roach Warren  
  25  3:07  Drone x2  
  25  3:08  Drone x3  
  30  3:29  Drone x3  
  33  3:36  Overlord  
  33  3:40  Metabolic Boost  
  33  3:44  Evolution Chamber  
  33  3:47  Extractor, Drone x2, Baneling Nest  
  32  3:49  Drone  
  32  3:52  Drone  
  33  4:21  Roach x7  
  44  4:39  Drone x5  
  44  4:44  Lair  
  49  4:46  Drone x2  
  51  4:53  Overlord  
  51  5:08  Drone  
  51  5:13  Drone x3  
  51  5:14  Drone x2  
  57  5:16  Overlord x2  
  57  5:25  Queen  
  59  5:40  Hatchery  
  57  5:43  Spore Crawler  
  57  5:45  Spore Crawler  
  44  6:30  Hydralisk Den  
  41  6:33  Extractor  
  41  6:35  Drone x15  
  53  7:01  Hydralisk x9  
  53  7:06  Spore Crawler  
  70  7:12  Spore Crawler  
  70  7:14  Spore Crawler  
  68  7:16  Muscular Augments  
  68  7:17  Zerg Missile Weapons Level 1  
  68  7:26  Hydralisk  
  68  7:27  Hydralisk x2  
  74  7:38  Hydralisk x2  
  78  7:56  Zergling x2  
  78  7:57  Zergling x6  
  82  7:59  Overlord x4  
  82  8:02  Pneumatized Carapace  
  82  8:10  Evolution Chamber  
  82  8:11  Drone  
  82  8:17  Queen  
  84  8:21  Zergling x16  
  84  8:22  Zergling x6  
  84  8:25  Centrifical Hooks  
  95  8:53  Hydralisk  
  97  9:01  Overlord  
  97  9:02  Overlord x3  
  92  9:38  Hydralisk x13  
  91  9:42  Zergling x8  
  91  9:43  Zergling x6  
  122  9:49  Baneling x2  
  122  9:50  Baneling x2  
  122  10:12  Zergling x2  
  122  10:13  Zergling x18  
  121  10:22  Hydralisk x3  
  121  10:23  Hydralisk x2  
  122  10:30  Zergling x8  
  126  10:39  Zerg Missile Weapons Level 2  
  126  10:48  Extractor  
  125  10:50  Extractor  
  120  10:59  Hydralisk  
  120  11:00  Hydralisk x2  
  108  11:27  Hydralisk x5  
  113  11:39  Zergling x4  
  115  11:40  Zergling x16  
  111  11:52  Hydralisk x3  
  104  12:07  Hydralisk x3  
  110  12:12  Zergling x4  
  99  12:36  Hydralisk x5  
  93  13:08  Hydralisk  
  93  13:09  Hydralisk x5  
Tags
 
Matchup
PvZ
Replay Pack
Pack 1
Spawn Locations
Cross Positions
Add a new tag
Caveats
  • Supply blocks, unpowered buildings, or Contaminate may cause inaccurate times.
  • Supply counts are checked every 10 seconds.